[Event "Early-Titled-Tuesday-Blitz-August-29-2023"]
[Site "Chess.com"]
[Date "2023.08.29"]
[Round "2"]
[White "AnaKuchava"]
[Black "Romkachess"]
[Result "0-1"]
[WhiteElo "2191"]
[BlackElo "2540"]
[TimeControl "180+1"]
[EndTime "8:17:06 PDT"]
[Termination "Romkachess won by resignation"]

1. d4 Nf6 2. Nf3 e6 3. c3 d5 4. Bf4 c5 5. e3 Nc6 6. h3 Bd6 7. Bxd6 Qxd6 8. Bd3 e5 9. dxe5 Nxe5 10. Nxe5 Qxe5 11.
Nd2 O-O 12. Nf3 Qe7 13. O-O Be6 14. Qe2 Rfe8 15. Rfe1 Rad8 16. Rad1 h6 17. c4 dxc4 18. Bxc4 Bxc4 19. Qxc4 b6 20. Qa6 Ne4 21. a4 Rd7 22. a5 Rb8 23. Qb5 Nd6 24. Ne5 Nxb5 25.
Nxd7 Rd8 26. Nxb6 axb6 27. axb6 Rxd1 28. Rxd1 Nd6 29. Rd5 Ne4 30. f3 Nf6 31. Rd3 Qb7 32.
Rd6 Kh7 33. e4 Ne8 34. Rd8 Qxb6 35. Rxe8 Qxb2 36. Rc8 Qd4+ 37. Kh2 c4 0-1

[Event "Early-Titled-Tuesday-Blitz-August-29-2023"]
[Site "Chess.com"]
[Date "2023.08.29"]
[Round "2"]
[White "Chessbard1972"]
[Black "bascheyaro"]
[Result "1/2-1/2"]
[WhiteElo "2543"]
[BlackElo "2805"]
[TimeControl "180+1"]
[EndTime "8:17:09 PDT"]
[Termination "Game drawn by repetition"]

1. d4 d5 2. c4 c6 3. Nf3 Nf6 4. Nc3 a6 5. c5 Bf5 6. h3 Qc7 7. g3 Ne4 8. Bf4 Qa5 9. Qc1 Nd7 10. Bg2 f6 11. O-O g5 12. Be3 h5 13. Nd2 Nxc3 14. bxc3 e5 15. c4 exd4 16. Bxd4 Bxc5 17. Nb3 Qb4 18.
Nxc5 Nxc5 19. Bxf6 Rf8 20. Qxg5 Nd7 21. Qxh5+ Rf7 22. Bg5 Qxc4 23. e4 Bxe4 24. Bxe4 dxe4 25. Rae1 Qd5 26. Qg6 Nf8 27. Qxe4+ Qxe4 28. Rxe4+ Kd7 29. Rd1+ Kc7 30. Bf4+ Kb6 31. Rb1+ Kc5 32. Re5+ Kc4 33. Rc1+ Kd4 34. Rce1 Ng6 35. R1e4+ Kd3 36. Re3+ Kd4 37.
R3e4+ Kd3 38. Re3+ Kd4 39. R3e4+ 1/2-1/2

[Event "Early-Titled-Tuesday-Blitz-August-29-2023"]
[Site "Chess.com"]
[Date "2023.08.29"]
[Round "2"]
[White "Fantastic_Power"]
[Black "DanielTitichoca"]
[Result "1-0"]
[WhiteElo "2773"]
[BlackElo "2421"]
[TimeControl "180+1"]
[EndTime "8:17:10 PDT"]
[Termination "Fantastic_Power won by resignation"]

1. d4 Nf6 2. c4 d6 3. Nc3 e5 4. e3 Nc6 5. Nf3 Bg4 6. Be2 g6 7.
O-O Bg7 8. d5 Ne7 9. e4 Bxf3 10.
Bxf3 O-O 11. b4 a5 12. bxa5 Nd7 13. a4 Rxa5 14. Ba3 b6 15. Bb4 Ra8 16. a5 bxa5 17. Bxa5 Nc5 18. Nb5 Rc8 19. Bb4 c6 20. dxc6 Nxc6 21.
Ba3 Nd4 22. Nxd4 exd4 23. Rb1 Qa5 24. Bb4 Qa6 25. Be2 Nxe4 26. c5 Qc6 27. cxd6 Nxd6 28. Bf3 Qd7 29. Qd3 Rfd8 30. h3 Nc4 31. Bg4 f5 32. Bf3 Ne5 33. Qd1 d3 34. Bd2 Nxf3+ 35. Qxf3 Qd5 36. Rb7 Qxf3 37. gxf3 Rc2 38. Bg5 Re8 39. Rd1 Rc3 40. Be3 f4 41. Rxg7+ Kf8 42. Bd4 d2 43. Bxc3 Re1+ 44. Rxe1 dxe1=Q+ 45. Bxe1 Kxg7 46. Bd2 g5 47. h4 h6 48. hxg5 hxg5 49. Kg2 Kg6 50. Kh3 Kf5 51. Bc3 1-0

[Event "Early-Titled-Tuesday-Blitz-August-29-2023"]
[Site "Chess.com"]
[Date "2023.08.29"]
[Round "2"]
[White "slidingknight2775"]
[Black "Reader777"]
[Result "0-1"]
[WhiteElo "2578"]
[BlackElo "2888"]
[TimeControl "180+1"]
[EndTime "8:17:12 PDT"]
[Termination "Reader777 won by resignation"]

1. d4 Nf6 2. c4 e6 3. Nc3 Bb4 4. e3 O-O 5. Ne2 d5 6. cxd5 exd5 7. g3 c6 8. Bg2 Re8 9. O-O Bf8 10. Qc2 Na6 11.
a3 g6 12. b4 Bf5 13. Qd1 Nc7 14. f3 a5 15. bxa5 Rxa5 16. Qb3 b5 17. e4 dxe4 18.
fxe4 Be6 19. Qb1 Bc4 20. Bg5 Be7 21. Qb2 Ne6 22. Be3 Ng4 23. Qd2 Nxe3 24. Qxe3 Rxa3 25.
Rxa3 Bxa3 26. Qf2 Rf8 27. Kh1 b4 28. Nb1 Bb2 29. Rd1 Bxe2 30. Qxe2 Bxd4 31. Nd2 c5 32. Nc4 Qf6 33. Rf1 Qg5 34. Bh3 Ng7 35. Qf3 Qe7 36. Bg2 Ne6 37. Bh3 Ng5 38. Qg4 Nxh3 39. Qxh3 Qxe4+ 40.
Qg2 Qxg2+ 41. Kxg2 b3 42. Rb1 Rb8 43. Kf3 b2 44. Ke2 Rb3 45. Nd2 Re3+ 46. Kd1 Bc3 47. Nc4 Re1+ 48. Kc2 Rxb1 49. Kxb1 f5 50. Kc2 Kf7 51.
Na3 Bd4 52. Nb5 Ke6 0-1

[Event "Early-Titled-Tuesday-Blitz-August-29-2023"]
[Site "Chess.com"]
[Date "2023.08.29"]
[Round "2"]
[White "Fandorine"]
[Black "Tomytoteph"]
[Result "1-0"]
[WhiteElo "2952"]
[BlackElo "2617"]
[TimeControl "180+1"]
[EndTime "8:17:14 PDT"]
[Termination "Fandorine won by checkmate"]

1. e4 c5 2. b4 cxb4 3. a3 bxa3 4. d4 d5 5. exd5 Nf6 6. Nf3 Nxd5 7. c4 Nf6 8. Be2 e6 9. O-O Bd6 10. Nxa3 a6 11. Nb5 Nc6 12. Nxd6+ Qxd6 13. Ba3 Qc7 14. d5 Ne5 15. Nxe5 Qxe5 16. Re1 Bd7 17. Bf3 Qc7 18. Qd4 Rc8 19. Rac1 h5 20. h3 Rh6 21. c5 Bb5 22. dxe6 fxe6 23. Rxe6+ Kf7 24. Rce1 Re8 25. Rxe8 Nxe8 26. Bd5+ Kg6 27. Qe4+ Kg5 28. Bc1+ Kf6 29. Bb2+ Kg5 30. h4# 1-0

[Event "Early-Titled-Tuesday-Blitz-August-29-2023"]
[Site "Chess.com"]
[Date "2023.08.29"]
[Round "2"]
[White "Speshka"]
[Black "BlueWizzard"]
[Result "0-1"]
[WhiteElo "2579"]
[BlackElo "2891"]
[TimeControl "180+1"]
[EndTime "8:17:14 PDT"]
[Termination "BlueWizzard won by checkmate"]

1. e4 e6 2. d4 Nf6 3. Nc3 Bb4 4. e5 Nd5 5. Bd2 d6 6. Nf3 dxe5 7. Nxe5 Nd7 8. Bd3 Nxe5 9. dxe5 Bd7 10. O-O Bc6 11. Qg4 Bxc3 12. bxc3 Qe7 13. Qxg7 O-O-O 14. g3 h6 15. Qg4 Rdg8 16. Qe2 h5 17. c4 Nb6 18. Be4 Qc5 19. Be3 Qxe5 20. Bxc6 bxc6 21. Rab1 h4 22.
Qf3 hxg3 23. fxg3 Nxc4 24. Bf2 Qd5 25. Qxf7 Ne5 26. Rb8+ Kxb8 27. Bxa7+ Kxa7 28. Qxc7+ Ka6 29. Rb1 Rxg3+ 30. hxg3 Rh1+ 31. Kf2 Qf3# 0-1

[Event "Early-Titled-Tuesday-Blitz-August-29-2023"]
[Site "Chess.com"]
[Date "2023.08.29"]
[Round "2"]
[White "GAusal"]
[Black "ural58"]
[Result "0-1"]
[WhiteElo "2320"]
[BlackElo "2517"]
[TimeControl "180+1"]
[EndTime "8:17:14 PDT"]
[Termination "ural58 won on time"]

1. d4 d5 2. Nf3 Nc6 3. Bf4 Bg4 4. e3 e6 5. h3 Bf5 6. c4 Bd6 7. Bxd6 cxd6 8. cxd5 exd5 9. Bd3 Bxd3 10. Qxd3 Nge7 11. Nc3 O-O 12. O-O a6 13. a3 Rc8 14.
b4 Qd7 15. b5 Na5 16. Nd2 Nc4 17. bxa6 Nxd2 18. Qxd2 bxa6 19. Ne2 Rc4 20. Qa5 Ra4 21. Qb6 Qc6 22. Qxc6 Nxc6 23. Rfb1 Na5 24. Rb6 Nc4 25.
Rc6 h6 26. Nf4 Rb8 27. Nxd5 Rb2 28. g3 a5 29. Nc3 Rxa3 30. Rxa3 Nxa3 31. Rxd6 Nc4 32.
Ra6 Rb6 33. Rxb6 Nxb6 34. Nb5 a4 35. e4 Nc4 36. Kf1 Nd2+ 37. Ke2 Nxe4 38. Kd3 f5 39. f3 Nxg3 40. d5 Kf7 41. Kc4 Ne2 42. Kb4 Nf4 43.
Kxa4 Nxd5 44. Kb3 Nf4 45. h4 Ng2 46. h5 Nf4 47. Nd4 Kf6 48. Kc4 Nxh5 0-1

[Event "Early-Titled-Tuesday-Blitz-August-29-2023"]
[Site "Chess.com"]
[Date "2023.08.29"]
[Round "2"]
[White "starworld123"]
[Black "Perecke"]
[Result "1-0"]
[WhiteElo "2798"]
[BlackElo "2460"]
[TimeControl "180+1"]
[EndTime "8:17:16 PDT"]
[Termination "starworld123 won by resignation"]

1. Nf3 d5 2. e3 e6 3. c4 Nf6 4.
Nc3 c5 5. cxd5 exd5 6. d4 Nc6 7. Bb5 cxd4 8. Nxd4 Bd7 9. O-O Bd6 10. h3 O-O 11. b3 Re8 12. Bb2 Nxd4 13. Bxd7 Qxd7 14. Qxd4 Be5 15. Qd3 Rac8 16. Rfd1 Qe6 17. Rab1 Red8 18. Nb5 Bb8 19. Nd4 Qd6 20. Nf5 Qh2+ 21. Kf1 Rd7 22.
Bxf6 gxf6 23. Qd4 Kf8 24. Qg4 Re7 25. Qg7+ Ke8 26. Qg8+ Kd7 27. Rxd5+ Bd6 28. Rxd6+ Qxd6 29. Qxc8+ Kxc8 30. Nxd6+ 1-0

[Event "Early-Titled-Tuesday-Blitz-August-29-2023"]
[Site "Chess.com"]
[Date "2023.08.29"]
[Round "2"]
[White "pankajfm"]
[Black "Herman-NY"]
[Result "0-1"]
[WhiteElo "2102"]
[BlackElo "2445"]
[TimeControl "180+1"]
[EndTime "8:17:16 PDT"]
[Termination "Herman-NY won by checkmate"]

1. e4 c5 2. b3 Nc6 3. Bb2 a6 4.
f4 d5 5. exd5 Qxd5 6. Nc3 Qe6+ 7. Be2 Nd4 8. Nh3 Qg6 9. Ng5 Nxc2+ 10. Kf1 Nxa1 11. Nd5 Qd6 12. Bc4 f6 13. Ne4 Qd8 14.
Bxa1 b5 15. Qh5+ g6 16. Qe2 bxc4 17. Qxc4 Bb7 18. Ne3 Rc8 19. Qa4+ Qd7 20. Qc4 Bg7 21. Nxc5 Qc6 22. Ne6 Qxc4+ 23. Nxc4 Kf7 24. Nxg7 Kxg7 25. Bc3 Nh6 26. Kf2 Nf5 27. h3 h5 28. Rc1 h4 29.
Ne3 Nxe3 30. dxe3 Rhd8 31. Rc2 Rd3 32. Bd2 Rxc2 33. b4 Rcxd2+ 34. Kf1 Rxg2 35. Ke1 Rxe3+ 36. Kd1 Rxh3 37. Kc1 Rh1# 0-1

[Event "Early-Titled-Tuesday-Blitz-August-29-2023"]
[Site "Chess.com"]
[Date "2023.08.29"]
[Round "2"]
[White "pedromartinez91"]
[Black "knightinshiningarmour16"]
[Result "1-0"]
[WhiteElo "2448"]
[BlackElo "2131"]
[TimeControl "180+1"]
[EndTime "8:17:17 PDT"]
[Termination "pedromartinez91 won by resignation"]

1. e4 c6 2. d3 d5 3. Nf3 dxe4 4. dxe4 Qxd1+ 5. Kxd1 Bg4 6. Be2 e6 7. Ne5 Bxe2+ 8. Kxe2 Nf6 9. f3 Bd6 10. Nd3 Nbd7 11.
Be3 O-O 12. Nd2 Ne5 13. Nxe5 Bxe5 14. c3 Rfd8 15. Nc4 Bc7 16. a4 a5 17. g3 b5 18.
Na3 Rab8 19. Rhd1 h6 20. Ba7 Rb7 21. Bd4 e5 22. Be3 Rbb8 23. Nc2 Kf8 24. Ba7 Rb7 25. Rxd8+ Bxd8 26. Bc5+ Ke8 27. axb5 cxb5 28. b4 a4 29. c4 bxc4 30. Rxa4 Nd7 31. Kd2 Nxc5 32. bxc5 Rc7 33. Rxc4 Be7 34. c6 Bd6 35. Ne3 Rc8 36. Nd5 Kd8 37. f4 f6 38. f5 Ke8 39. Ke3 Ra8 40.
Kf3 Kd8 41. Kg4 Ra6 42. Rc3 Kc8 43. Kh5 Ra2 44. h4 Rg2 45. Kg6 1-0

[Event "Early-Titled-Tuesday-Blitz-August-29-2023"]
[Site "Chess.com"]
[Date "2023.08.29"]
[Round "2"]
[White "cycygogne"]
[Black "jinbojinbo"]
[Result "0-1"]
[WhiteElo "2235"]
[BlackElo "2695"]
[TimeControl "180+1"]
[EndTime "8:17:18 PDT"]
[Termination "jinbojinbo won by resignation"]

1. e4 e5 2. Nf3 Nc6 3. Bc4 Bc5 4. b4 Bb6 5. a4 a6 6. a5 Ba7 7. d3 h6 8. O-O Nf6 9. c3 d6 10. Re1 O-O 11. h3 Re8 12. Nbd2 Be6 13. Bxe6 Rxe6 14. Nf1 d5 15. Ng3 d4 16. c4 Nxb4 17. Qb3 c5 18. Bd2 Nc6 19. Qxb7 Rb8 20. Qxa6 Qc7 21. Reb1 Nb4 22.
Qb5 Rxb5 23. cxb5 Nd7 24. Bxb4 cxb4 25. Rxb4 Qc3 26. Rab1 Bc5 27. Ra4 Qxd3 28. Rba1 Qc3 29. b6 d3 30. b7 d2 31. a6 Qc1+ 32. Kh2 d1=Q 33. a7 Bxa7 34. Rxa7 Qxa1 35. Ra8+ Kh7 36. b8=Q Nxb8 0-1

[Event "Early-Titled-Tuesday-Blitz-August-29-2023"]
[Site "Chess.com"]
[Date "2023.08.29"]
[Round "2"]
[White "leopato"]
[Black "Quattroporte300"]
[Result "0-1"]
[WhiteElo "2130"]
[BlackElo "2446"]
[TimeControl "180+1"]
[EndTime "8:17:19 PDT"]
[Termination "Quattroporte300 won by resignation"]

1. e4 c5 2. Nf3 e6 3. d4 cxd4 4.
Nxd4 a6 5. Nc3 Qc7 6. Bd3 Nf6 7.
O-O b5 8. Be3 Bb7 9. a3 Be7 10.
f4 d6 11. Qe1 Nbd7 12. Qg3 O-O 13. Qh3 Rac8 14. Rae1 g6 15. f5 e5 16. Nf3 d5 17.
exd5 Nxd5 18. Nxd5 Bxd5 19. Ng5 Bxg5 20. Bxg5 Nc5 21.
Bf6 Nxd3 22. cxd3 Qb6+ 23. d4 Qxf6 24. dxe5 Qb6+ 25. Kh1 Rc2 26. Rg1 Qf2 27. Rd1 Be4 28.
f6 h5 29. Qd7 Bxg2+ 0-1

[Event "Early-Titled-Tuesday-Blitz-August-29-2023"]
[Site "Chess.com"]
[Date "2023.08.29"]
[Round "2"]
[White "lamomiajunior"]
[Black "BigAl"]
[Result "1-0"]
[WhiteElo "2804"]
[BlackElo "2470"]
[TimeControl "180+1"]
[EndTime "8:17:21 PDT"]
[Termination "lamomiajunior won by resignation"]

1. d4 Nf6 2. Nc3 d6 3. e4 g6 4. Be3 a6 5. f3 Nc6 6. Qd2 b5 7. O-O-O Rb8 8. Kb1 Bd7 9. h4 h5 10. Nh3 Bg7 11. Ng5 O-O 12. g4 e5 13. dxe5 Nxe5 14.
gxh5 Nxh5 15. Rg1 Nc4 16. Bxc4 bxc4 17. Bd4 Bh6 18. f4 c5 19. Be3 Qb6 20. b3 cxb3 21.
axb3 Bc6 22. f5 Rbe8 23. fxg6 fxg6 24. Qxd6 Bg7 25. Bxc5 Qa5 26. Bb4 Qe5 27. Qxc6 Nf4 28.
Nf3 Qh5 29. Nd4 Rf6 30. Qc4+ Kh7 31. Nd5 Rxe4 32. Nxf6+ Bxf6 33. Qf7+ Bg7 34. Bf8 1-0

[Event "Early-Titled-Tuesday-Blitz-August-29-2023"]
[Site "Chess.com"]
[Date "2023.08.29"]
[Round "2"]
[White "chess94cu"]
[Black "Karina_Ivanova"]
[Result "1-0"]
[WhiteElo "2708"]
[BlackElo "2308"]
[TimeControl "180+1"]
[EndTime "8:17:21 PDT"]
[Termination "chess94cu won by resignation"]

1. Nf3 Nf6 2. c4 c5 3. Nc3 e6 4. e3 Be7 5. d4 cxd4 6. exd4 d5 7.
cxd5 Nxd5 8. Bd3 O-O 9. O-O Nc6 10. a3 b6 11. Qe2 Bb7 12. Rd1 g6 13. Bh6 Re8 14.
Rac1 Nxc3 15. Rxc3 Bf6 16. Be4 Rc8 17. Rdc1 Qd6 18.
Qe3 Na5 19. b4 Rxc3 20. Rxc3 Nc6 21. h4 Nd8 22. Bxb7 Nxb7 23. Ne5 Qd5 24. Qf4 Bxe5 25. dxe5 1-0

[Event "Early-Titled-Tuesday-Blitz-August-29-2023"]
[Site "Chess.com"]
[Date "2023.08.29"]
[Round "2"]
[White "kirillshevchenko"]
[Black "Doraemon7"]
[Result "1-0"]
[WhiteElo "2980"]
[BlackElo "2641"]
[TimeControl "180+1"]
[EndTime "8:17:22 PDT"]
[Termination "kirillshevchenko won by resignation"]

1. d4 d5 2. c4 c6 3. cxd5 cxd5 4. Bg5 Nc6 5. Nc3 Nf6 6. Bxf6 gxf6 7. e3 e6 8. Bd3 f5 9. f4 Qh4+ 10. g3 Qd8 11. Nf3 Bd7 12. O-O Be7 13. Qe2 O-O 14.
h3 Kh8 15. Kh2 Rg8 16. Rg1 Qf8 17. Rg2 Qh6 18. Rh1 Rg6 19. Kg1 Rag8 20. g4 f6 21.
Rhh2 Nb4 22. Bb1 Qf8 23. a3 Nc6 24. gxf5 exf5 25. Nxd5 Bd6 26. Nh4 Rxg2+ 27. Rxg2 Qf7 28. Rxg8+ Kxg8 29. Qg2+ Kf8 30. Nxf5 Bb8 31. Nh6 Qg7 32.
Qxg7+ Kxg7 33. Bf5 Be8 34. Ng4 Bf7 35. Ndxf6 h5 36. Nd7 hxg4 37. hxg4 Bc7 38. Kf2 Na5 39. Nc5 b6 40. Ne6+ Bxe6 41. Bxe6 Kf6 42. Bd5 Ke7 43.
b4 1-0

[Event "Early-Titled-Tuesday-Blitz-August-29-2023"]
[Site "Chess.com"]
[Date "2023.08.29"]
[Round "2"]
[White "AnujShrivatri21"]
[Black "HamedWafa4"]
[Result "1-0"]
[WhiteElo "2829"]
[BlackElo "2554"]
[TimeControl "180+1"]
[EndTime "8:17:25 PDT"]
[Termination "AnujShrivatri21 won by resignation"]

1. e4 e5 2. Nf3 Nc6 3. Bc4 Bc5 4. c3 Nf6 5. d3 O-O 6. O-O a6 7. a4 Ba7 8. h3 d6 9. Re1 h6 10. Nbd2 Re8 11. b4 Be6 12. Bxe6 Rxe6 13. Qc2 Ne7 14. Nf1 Ng6 15. Be3 Bxe3 16. Nxe3 d5 17. exd5 Nxd5 18.
Nc4 Ndf4 19. Rad1 b6 20. d4 exd4 21. Rxe6 Nxe6 22. Nxd4 Nxd4 23. Rxd4 Qf6 24. Qe4 Rd8 25. Rxd8+ Qxd8 26. Kh2 b5 27. axb5 axb5 28. Ne3 Qd6+ 29. g3 Qd2 30. Kg2 Kh7 31. h4 h5 32. Qf3 Qxc3 33. Qxh5+ Kg8 34. Qxb5 Ne5 35. h5 Qd4 36.
Qd5 Qxd5+ 37. Nxd5 c6 38. f4 cxd5 39. fxe5 Kf8 40.
Kf3 Ke7 41. Ke3 1-0

[Event "Early-Titled-Tuesday-Blitz-August-29-2023"]
[Site "Chess.com"]
[Date "2023.08.29"]
[Round "2"]
[White "ViktoriyaTarasova"]
[Black "ValentunHulka"]
[Result "0-1"]
[WhiteElo "2399"]
[BlackElo "2752"]
[TimeControl "180+1"]
[EndTime "8:17:25 PDT"]
[Termination "ValentunHulka won by resignation"]

1. d4 Nf6 2. c4 e6 3. Nc3 Bb4 4.
Nf3 O-O 5. Bg5 c5 6. Rc1 cxd4 7.
Nxd4 h6 8. Bh4 Nc6 9. e3 d5 10. cxd5 exd5 11. Be2 g5 12. Bg3 Ne4 13. O-O Nxg3 14.
hxg3 Be6 15. Nxe6 fxe6 16. Bg4 Qf6 17. Qb3 Rf7 18. a3 Bf8 19. f4 Na5 20. Qc2 Nc4 21.
fxg5 Qxf1+ 22. Rxf1 Rxf1+ 23. Kh2 Nxe3 24. Qg6+ Kh8 25.
Bxe6 Bg7 26. gxh6 Be5 27. h7 Bg7 28. Nxd5 Nxd5 29. Bxd5 Raf8 30. Bf3 Rf2 31. b4 R8xf3 32. Qe8+ Rf8 33. Qe7 R2f7 34. Qe4 Bf6 35. g4 Rxh7+ 36. Kg3 Bh4+ 0-1

[Event "Early-Titled-Tuesday-Blitz-August-29-2023"]
[Site "Chess.com"]
[Date "2023.08.29"]
[Round "2"]
[White "Alexei_Gubajdullin"]
[Black "Maili15"]
[Result "1-0"]
[WhiteElo "2633"]
[BlackElo "2332"]
[TimeControl "180+1"]
[EndTime "8:17:26 PDT"]
[Termination "Alexei_Gubajdullin won on time"]

1. d4 Nf6 2. Nf3 d5 3. Bf4 c6 4. e3 Bf5 5. c4 e6 6. Qb3 Qb6 7. c5 Qxb3 8. axb3 Nbd7 9. h3 h6 10.
Nbd2 a6 11. b4 O-O-O 12. Nb3 Ne4 13. Na5 Nb8 14. Bxb8 Kxb8 15. Bxa6 bxa6 16. Nxc6+ Kc7 17. Nxd8 Kxd8 18. Rxa6 f6 19. b5 g5 20. b6 Kc8 21.
c6 Bd6 22. Ke2 Bb8 23. Rc1 Nd6 24. Ra8 Nc4 25. c7 Kb7 26. Rxb8+ Rxb8 27. cxb8=Q+ Kxb8 28. b3 Nxb6 29. Ne1 Kb7 30. Nd3 Ka6 31. Nc5+ Kb5 32. g4 Bg6 33. Nxe6 h5 34. Nc7+ Kb4 35. Rc6 Ka5 36.
Nxd5 Nxd5 37. Rc5+ Kb4 38. Rxd5 hxg4 39. hxg4 Kxb3 40.
Rd6 Kc4 41. Rxf6 Bd3+ 42. Kd2 Be4 43. f3 Bd5 44. Rf5 Bb7 45. Ke2 1-0

[Event "Early-Titled-Tuesday-Blitz-August-29-2023"]
[Site "Chess.com"]
[Date "2023.08.29"]
[Round "2"]
[White "ozates"]
[Black "rochaaaaaaaaaa"]
[Result "1-0"]
[WhiteElo "2574"]
[BlackElo "2206"]
[TimeControl "180+1"]
[EndTime "8:17:26 PDT"]
[Termination "ozates won on time"]

1. e4 c6 2. d4 d5 3. exd5 cxd5 4.
c4 Nf6 5. Nc3 e6 6. Nf3 Bb4 7.
cxd5 Nxd5 8. Bd2 O-O 9. Bd3 Nc6 10. O-O b6 11. Qe2 Bb7 12. Qe4 Nf6 13. Qh4 Be7 14. Rfe1 Nb4 15. Bb1 Bxf3 16. gxf3 Nbd5 17. Kh1 Nxc3 18.
bxc3 g6 19. Rg1 Qd5 20. Rg3 Rfe8 21. Qh3 Qh5 22. Qg2 Rac8 23. Bd3 Qd5 24. Rg1 Kh8 25. Rg5 Qc6 26. Bf4 Qxc3 27. Bb5 Rg8 28. Be5 Qd2 29. Rg4 Rc1 30. Rf4 Rxg1+ 31. Qxg1 Qb2 32. Bf1 Qc3 33. Qg5 Rg7 34. Rxf6 Bxf6 35. Qxf6 1-0

[Event "Early-Titled-Tuesday-Blitz-August-29-2023"]
[Site "Chess.com"]
[Date "2023.08.29"]
[Round "2"]
[White "koncheto"]
[Black "AniJak"]
[Result "0-1"]
[WhiteElo "2514"]
[BlackElo "2365"]
[TimeControl "180+1"]
[EndTime "8:17:27 PDT"]
[Termination "AniJak won on time"]

1. e4 c6 2. d4 d5 3. Nc3 dxe4 4. Nxe4 Nf6 5. Nxf6+ exf6 6. c3 Bd6 7. Bd3 O-O 8.
Ne2 Re8 9. O-O Qc7 10. Ng3 f5 11. Nxf5 Bxh2+ 12. Kh1 Bxf5 13. Bxf5 Bf4 14. Qg4 Bxc1 15.
Raxc1 g6 16. Rfe1 Na6 17. Bd3 Qb6 18. Rxe8+ Rxe8 19. Qd7 Re6 20. Bc4 Rf6 21. b3 Rxf2 22. Re1 Qc7 23. Qe8+ Kg7 24. a4 Qg3 25. Qe4 Rxg2 0-1

[Event "Early-Titled-Tuesday-Blitz-August-29-2023"]
[Site "Chess.com"]
[Date "2023.08.29"]
[Round "2"]
[White "Inepton_Fermion"]
[Black "suyu28"]
[Result "0-1"]
[WhiteElo "2374"]
[BlackElo "2738"]
[TimeControl "180+1"]
[EndTime "8:17:28 PDT"]
[Termination "suyu28 won on time"]

1. Nf3 d5 2. b3 c6 3. Bb2 Bf5 4. g3 e6 5. Bg2 h6 6. O-O Nd7 7. d3 Ngf6 8. Nbd2 Be7 9. e4 Bg6 10. e5 Ng8 11. Qe2 Bc5 12. d4 Bb4 13. Ne1 Ne7 14.
a3 Ba5 15. f4 h5 16. Ndf3 Be4 17. Ng5 Bxg2 18. Nxg2 Nf5 19. Ne3 Nxe3 20. Qxe3 g6 21. Kh1 Nf8 22. c4 Qd7 23. cxd5 cxd5 24. b4 Bd8 25.
Nf3 Qa4 26. Rac1 Nd7 27. h3 Nb6 28. Nd2 Kd7 29. Nb3 Be7 30. Nc5+ Bxc5 31. dxc5 Nc4 32.
Qd4 Qb3 33. Bc3 a5 34. Rb1 Qxa3 35. bxa5 Kc6 36. Rfc1 h4 37. g4 Ra6 38. Qd1 Rha8 39. Rb3 Qxc5 40. Rcb1 Qe3 41. Bd4 Qe4+ 42. Kg1 Qxf4 43.
Qc2 Qxd4+ 0-1

[Event "Early-Titled-Tuesday-Blitz-August-29-2023"]
[Site "Chess.com"]
[Date "2023.08.29"]
[Round "2"]
[White "Kildepiotr"]
[Black "alturas_pacificas"]
[Result "1-0"]
[WhiteElo "2647"]
[BlackElo "2400"]
[TimeControl "180+1"]
[EndTime "8:17:28 PDT"]
[Termination "Kildepiotr won by resignation"]

1. Nf3 d5 2. g3 Nf6 3. Bg2 c6 4. O-O Bf5 5. d3 e6 6. Nbd2 h6 7. Qe1 Bh7 8. e4 Be7 9. Qe2 O-O 10. b3 a5 11. a4 Na6 12. Bb2 Nd7 13. Ne1 Bf6 14. e5 Be7 15. f4 Nb4 16. Kh1 b5 17.
Bd4 c5 18. Bf2 bxa4 19. Rxa4 Nb6 20. Ra1 a4 21. bxa4 Rxa4 22. Rxa4 Nxa4 23. Nb3 Qc7 24.
Nf3 Nc3 25. Qd2 d4 26. Ra1 Nba2 27.
Nc1 Nxc1 28. Qxc1 Rb8 29. Nd2 Bf5 30. Nc4 Kh7 31. h3 g5 32. g4 Bg6 33. Qd2 gxf4 34.
Qxf4 Bg5 35. Qf3 Rf8 36. h4 Be3 37. h5 Qe7 38. Nxe3 dxe3 39. Qxe3 Nd5 40. Qxc5 Bxh5 41. Qxe7 Nxe7 42. gxh5 Rc8 43. Be4+ Kg7 44. c4 Nf5 45.
Bxf5 exf5 46. Bh4 1-0

[Event "Early-Titled-Tuesday-Blitz-August-29-2023"]
[Site "Chess.com"]
[Date "2023.08.29"]
[Round "2"]
[White "Tsyhanchuk_Stanislav"]
[Black "PattyCastillo"]
[Result "1-0"]
[WhiteElo "2429"]
[BlackElo "1932"]
[TimeControl "180+1"]
[EndTime "8:17:30 PDT"]
[Termination "Tsyhanchuk_Stanislav won on time"]

1. e4 c5 2. c4 d6 3. Nc3 Nf6 4. Nge2 Nc6 5. d4 cxd4 6. Nxd4 e6 7.
Be3 Be7 8. Be2 O-O 9. O-O a6 10.
b3 Qc7 11. Rc1 Qb8 12. f4 Rd8 13. Kh1 d5 14. cxd5 exd5 15. e5 Ne4 16. Nxc6 bxc6 17. Nxe4 dxe4 18. Qc2 Ba3 19. Rcd1 Bf5 20. Qxc6 h6 21.
Bc4 Rc8 22. Qa4 Bc5 23. Bxc5 Rxc5 24. Bd5 Rxd5 25. Rxd5 Qb6 26. Qd4 Qg6 27. Rd8+ Rxd8 28. Qxd8+ Kh7 29. Qd4 Qg4 30. Qe3 Qg6 31. h3 Qe6 32. g4 Bxg4 33. hxg4 Qxg4 34. Qxe4+ g6 35.
Qf3 Qh4+ 36. Kg1 h5 37. f5 g5 38. f6 Qd4+ 39. Qf2 Qg4+ 40. Qg2 Qd4+ 41. Rf2 Qxe5 42. Qf3 Qe1+ 43. Kg2 Kh6 44. Qa8 1-0

[Event "Early-Titled-Tuesday-Blitz-August-29-2023"]
[Site "Chess.com"]
[Date "2023.08.29"]
[Round "2"]
[White "Alexander_Moskalenko"]
[Black "Fleetw00dMac"]
[Result "1-0"]
[WhiteElo "2846"]
[BlackElo "2422"]
[TimeControl "180+1"]
[EndTime "8:17:31 PDT"]
[Termination "Alexander_Moskalenko won by resignation"]

1. d4 Nf6 2. Bg5 d5 3. Bxf6 exf6 4. e3 Bd6 5. Nd2 c6 6. Bd3 f5 7. Qf3 g6 8. Ne2 Nd7 9. h4 h5 10. Nf4 Nf6 11. c4 dxc4 12. Bxc4 Kf8 13. g3 Kg7 14. a3 a5 15. Ba2 Re8 16. Nc4 Bc7 17.
Rd1 Qe7 18. O-O Rb8 19. Rfe1 Bd7 20. d5 cxd5 21. Nxd5 Nxd5 22. Qxd5 Bc6 23. Qd4+ Qf6 24. Nd6 Re7 25. Rd2 Qxd4 26. Rxd4 Rd8 27. Red1 Rxd6 28.
Rxd6 Bxd6 29. Rxd6 Re5 30. b4 axb4 31. axb4 Re4 32.
Rd4 Rxd4 33. exd4 f4 34. gxf4 Kf6 35. Kh2 Be4 36. Kg3 Ke7 37. f3 Bc2 38. Bd5 b6 39. Be4 Bb3 40. f5 Kf6 41. fxg6 fxg6 42. Kf4 Be6 43.
d5 Bd7 44. d6 Be6 45. Bc6 1-0

[Event "Early-Titled-Tuesday-Blitz-August-29-2023"]
[Site "Chess.com"]
[Date "2023.08.29"]
[Round "2"]
[White "Markov_Mikhail"]
[Black "BogdanDeac"]
[Result "0-1"]
[WhiteElo "2646"]
[BlackElo "3019"]
[TimeControl "180+1"]
[EndTime "8:17:34 PDT"]
[Termination "BogdanDeac won by resignation"]

1. c4 e6 2. Nf3 d5 3. g3 Nf6 4.
Bg2 Be7 5. O-O O-O 6. d4 Nbd7 7. Nbd2 b6 8. Qc2 Bb7 9. Ne5 c5 10. Nxd7 Qxd7 11. dxc5 Bxc5 12. cxd5 Bxd5 13. e4 Rac8 14. Qd1 Bb7 15. e5 Bxg2 16. Kxg2 Qd5+ 17. Qf3 Qxe5 18. Nb3 Nd5 19. Bd2 Qxb2 20. Rfd1 Be7 21. h4 Qf6 22. Qd3 Qg6 23. Qa6 Qe4+ 24. Kg1 Qc4 25. Qxc4 Rxc4 26. a4 a5 27. Rab1 Rxa4 28. Nc1 Rc4 29.
Nd3 Bd6 30. h5 h6 31. Kg2 Ra8 32. Nb2 Rd4 33. Ra1 a4 34. Be3 Rxd1 35. Nxd1 b5 36. Kf3 b4 37. Bd4 a3 38. Ke4 b3 39. Kd3 Rb8 40. Rb1 b2 41. Nc3 Nxc3 42. Bxc3 Kh7 43. Kc2 a2 44. Rxb2 a1=Q 45. Rxb8 Qxc3+ 46. Kxc3 Bxb8 0-1

[Event "Early-Titled-Tuesday-Blitz-August-29-2023"]
[Site "Chess.com"]
[Date "2023.08.29"]
[Round "2"]
[White "attack2mateU"]
[Black "HElissalt"]
[Result "1-0"]
[WhiteElo "2739"]
[BlackElo "2377"]
[TimeControl "180+1"]
[EndTime "8:17:34 PDT"]
[Termination "attack2mateU won by resignation"]

1. e4 d6 2. d4 Nf6 3. Nc3 e5 4. Nf3 Nbd7 5. Bc4 Be7 6. O-O O-O 7. a4 c6 8. Re1 a5 9. h3 Nb6 10. Bb3 Nfd7 11. Be3 exd4 12. Bxd4 Nc5 13. Bxc5 dxc5 14. Qe2 Qc7 15. Rad1 Bd7 16. e5 Rae8 17. e6 Bxe6 18. Bxe6 Bf6 19. Qd3 Bxc3 20. Qxc3 Rxe6 21. Rxe6 fxe6 22.
Qxc5 Nd5 23. c4 Nf4 24. Ne5 g6 25. Rd7 Qc8 26. Qe7 1-0